[ AOE2 MATCH · #479736444 ]
Team RMHuns vs Mongols
[ REPLAY ANALYSIS · EXTRACTED FROM THE RECORDED GAME ]
Feudal
14:02
Castle
18:44
Imperial
—
| APM avg | 22.2 |
| APM peak | 37 |
| eAPM avg | 11.5 |
| Villagers / military | 40 / 4 |
Focus
⚔️ 39.1% · 🌾 60.9%
Cavalry Archer ×4
Feudal
12:48
Castle
—
Imperial
—
| APM avg | 35.8 |
| APM peak | 59 |
| eAPM avg | 13.2 |
| Villagers / military | 47 / 23 |
Focus
⚔️ 32.3% · 🌾 67.7%
Archer ×12 · Skirmisher ×7 · Militia ×2 · Scout Cavalry ×2
Feudal
13:36
Castle
19:36
Imperial
—
| APM avg | 20.1 |
| APM peak | 33 |
| eAPM avg | 13.3 |
| Villagers / military | 29 / 9 |
Focus
⚔️ 20.1% · 🌾 79.9%
Steppe Lancer ×9
Feudal
13:56
Castle
20:57
Imperial
—
| APM avg | 25.2 |
| APM peak | 73 |
| eAPM avg | 8.2 |
| Villagers / military | 33 / 0 |
Focus
⚔️ 12.3% · 🌾 87.7%
Fishing Ship ×6
Feudal
11:47
Castle
—
Imperial
—
| APM avg | 24.0 |
| APM peak | 48 |
| eAPM avg | 14.2 |
| Villagers / military | 48 / 22 |
Focus
⚔️ 28.4% · 🌾 71.6%
Archer ×21 · Spearman ×1
Feudal
14:03
Castle
17:58
Imperial
—
| APM avg | 31.8 |
| APM peak | 57 |
| eAPM avg | 15.1 |
| Villagers / military | 37 / 4 |
Focus
⚔️ 38.5% · 🌾 61.5%
Conquistador ×4
Feudal
12:46
Castle
18:04
Imperial
—
| APM avg | 17.2 |
| APM peak | 34 |
| eAPM avg | 9.2 |
| Villagers / military | 33 / 5 |
Focus
⚔️ 21.5% · 🌾 78.5%
Steppe Lancer ×5
Feudal
14:48
Castle
—
Imperial
—
| APM avg | 28.4 |
| APM peak | 43 |
| eAPM avg | 16.9 |
| Villagers / military | 68 / 12 |
Focus
⚔️ 10.4% · 🌾 89.6%
Scout Cavalry ×12
Match map
Initial resources + every placement click. Lines = walls · curves = elevation contours. ◆ gold · ⬟ stone · ● berries · ✦ relic · ◌ wall gap
Your base· Open — unwalled flank
Shino's base· Open — 7t gap
TuSaiyajin's base· Open — unwalled flank
帝国新手's base· Open — 7t gap
voleadordecatafractra's base· Open — unwalled flank
Ux'LeBotut's base· Open — unwalled flank
Jampud's base· Open — unwalled flank
Charls's base· Open — unwalled flank
Smoothed initial terrain · ◌ = detected wall gap · hover for details
Inputs per minute
— quiter no dicker - - Shino
Build order — quiter no dicker
73 actions detected in the replay
| 0:35 | Build | Town Center |
| 2:36 | Create | Villager (Male) |
| 2:36 | Create | Villager (Male) |
| 2:37 | Create | Villager (Male) |
| 2:37 | Create | Villager (Male) |
| 2:37 | Create | Villager (Male) |
| 2:45 | Build | Palisade Wall |
| 2:46 | Build | Palisade Wall |
| 2:47 | Build | Palisade Wall |
| 2:48 | Build | Palisade Wall |
| 4:23 | Create | Villager (Male) |
| 4:23 | Create | Villager (Male) |
| 4:23 | Create | Villager (Male) |
| 4:49 | Create | Villager (Male) |
| 5:23 | Create | Villager (Male) |
| 5:28 | Create | Villager (Male) |
| 5:28 | Create | Villager (Male) |
| 5:36 | Build | Lumber Camp |
| 5:57 | Create | Villager (Male) |
| 6:19 | Create | Villager (Male) |
| 6:19 | Create | Villager (Male) |
| 7:29 | Create | Villager (Male) |
| 7:29 | Create | Villager (Male) |
| 7:29 | Create | Villager (Male) |
| 7:30 | Create | Villager (Male) |
| 7:30 | Create | Villager (Male) |
| 7:47 | Create | Villager (Male) |
| 7:47 | Create | Villager (Male) |
| 8:18 | Build | Mill |
| 8:25 | Create | Villager (Male) |
| 8:26 | Create | Villager (Male) |
| 8:26 | Create | Villager (Male) |
| 8:58 | Create | Villager (Male) |
| 8:58 | Create | Villager (Male) |
| 8:59 | Create | Villager (Male) |
| 9:46 | Create | Villager (Male) |
| 10:02 | Create | Villager (Male) |
| 10:02 | Create | Villager (Male) |
| 10:02 | Create | Villager (Male) |
| 10:03 | Create | Villager (Male) |
| 10:09 | Build | Mining Camp |
| 10:13 | Create | Villager (Male) |
| 11:04 | Create | Villager (Male) |
| 11:53 | Research | Feudal Age |
| 11:53 | Research | Feudal Age |
| 11:53 | Research | Feudal Age |
| 12:10 | Build | Palisade Wall |
| 12:23 | Build | Barracks |
| 13:23 | Build | Mill |
| 13:28 | Create | Villager (Male) |
| 13:29 | Create | Villager (Male) |
| 14:02 | Age | Feudal Age |
| 14:05 | Build | Stable |
| 14:39 | Build | Blacksmith |
| 14:44 | Build | Blacksmith |
| 14:50 | Create | Villager (Male) |
| 16:04 | Research | Castle Age |
| 16:04 | Research | Castle Age |
| 16:47 | Research | Double-Bit Axe |
| 17:02 | Build | Archery Range |
| 17:04 | Build | Archery Range |
| 17:46 | Research | Bloodlines |
| 17:59 | Research | Loom |
| 18:16 | Research | Gold Mining |
| 18:44 | Age | Castle Age |
| 18:45 | Create | Cavalry Archer |
| 18:45 | Create | Cavalry Archer |
| 19:08 | Build | Town Center |
| 19:20 | Create | Cavalry Archer |
| 19:21 | Create | Cavalry Archer |
| 19:37 | Create | Villager (Male) |
| 19:37 | Create | Villager (Male) |
| 20:00 | Build | Mining Camp |
Build order — Shino
101 actions detected in the replay
| 0:26 | Build | Town Center |
| 0:42 | Build | House |
| 3:00 | Build | House |
| 3:07 | Create | Villager (Male) |
| 3:07 | Create | Villager (Male) |
| 3:07 | Create | Villager (Male) |
| 3:08 | Create | Villager (Male) |
| 4:24 | Create | Villager (Male) |
| 4:51 | Create | Villager (Male) |
| 5:01 | Create | Villager (Male) |
| 5:18 | Build | House |
| 5:25 | Create | Villager (Male) |
| 5:42 | Create | Villager (Male) |
| 6:32 | Build | Lumber Camp |
| 6:52 | Create | Villager (Male) |
| 7:01 | Create | Villager (Male) |
| 7:17 | Create | Villager (Male) |
| 7:25 | Create | Villager (Male) |
| 7:31 | Create | Villager (Male) |
| 7:39 | Build | House |
| 7:48 | Create | Villager (Male) |
| 8:18 | Build | House |
| 9:23 | Create | Villager (Male) |
| 9:47 | Create | Villager (Male) |
| 9:54 | Research | Loom |
| 9:58 | Build | Mill |
| 10:29 | Research | Feudal Age |
| 11:45 | Build | House |
| 12:00 | Create | Villager (Male) |
| 12:22 | Create | Villager (Male) |
| 12:30 | Build | Barracks |
| 12:48 | Age | Feudal Age |
| 12:50 | Create | Villager (Male) |
| 13:04 | Build | Mining Camp |
| 13:08 | Create | Militia |
| 13:14 | Build | Stable |
| 13:15 | Create | Militia |
| 13:28 | Create | Villager (Male) |
| 13:58 | Create | Villager (Male) |
| 14:00 | Create | Scout Cavalry |
| 14:03 | Create | Villager (Male) |
| 14:05 | Build | House |
| 14:13 | Research | Wheelbarrow |
| 14:15 | Research | Man-at-Arms (upgrade) |
| 14:32 | Create | Scout Cavalry |
| 14:39 | Build | Archery Range |
| 14:43 | Create | Villager (Male) |
| 15:24 | Build | House |
| 15:27 | Create | Villager (Male) |
| 15:38 | Create | Archer |
| 15:40 | Create | Villager (Male) |
| 15:43 | Create | Villager (Male) |
| 15:46 | Research | Double-Bit Axe |
| 15:50 | Create | Archer |
| 15:51 | Create | Villager (Male) |
| 16:03 | Create | Villager (Male) |
| 16:07 | Build | Farm |
| 16:13 | Build | Farm |
| 16:14 | Create | Villager (Male) |
| 16:23 | Create | Archer |
| 16:24 | Create | Villager (Male) |
| 16:36 | Create | Villager (Male) |
| 16:50 | Build | Farm |
| 16:53 | Create | Archer |
| 16:54 | Create | Villager (Male) |
| 17:26 | Create | Archer |
| 17:27 | Create | Villager (Male) |
| 17:35 | Build | Archery Range |
| 17:37 | Create | Villager (Male) |
| 18:03 | Build | Watch Tower |
| 18:07 | Create | Archer |
| 18:13 | Create | Skirmisher |
| 18:19 | Create | Villager (Male) |
| 18:22 | Create | Villager (Male) |
| 18:30 | Create | Archer |
| 18:31 | Create | Villager (Male) |
| 18:41 | Create | Archer |
| 18:42 | Create | Villager (Male) |
| 18:51 | Build | House |
| 18:57 | Create | Archer |
| 18:58 | Create | Villager (Male) |
| 19:08 | Create | Archer |
| 19:09 | Create | Villager (Male) |
| 19:23 | Build | House |
| 19:33 | Create | Archer |
| 19:34 | Create | Villager (Male) |
| 19:51 | Create | Skirmisher |
| 19:51 | Create | Skirmisher |
| 20:00 | Create | Skirmisher |
| 20:00 | Create | Skirmisher |
| 20:00 | Create | Villager (Male) |
| 20:15 | Build | Blacksmith |
| 20:19 | Create | Skirmisher |
| 20:19 | Create | Skirmisher |
| 20:21 | Create | Villager (Male) |
| 20:27 | Build | House |
| 20:44 | Build | House |
| 20:52 | Create | Villager (Male) |
| 21:04 | Create | Villager (Male) |
| 21:09 | Create | Archer |
| 21:10 | Create | Villager (Male) |
Build order — TuSaiyajin
71 actions detected in the replay
| 0:07 | Build | House |
| 0:12 | Build | House |
| 1:54 | Build | Town Center |
| 2:15 | Build | Town Center |
| 3:53 | Create | Villager (Male) |
| 3:54 | Create | Villager (Male) |
| 3:54 | Create | Villager (Male) |
| 3:54 | Create | Villager (Male) |
| 3:58 | Build | House |
| 4:41 | Research | Loom |
| 4:47 | Create | Villager (Male) |
| 5:12 | Create | Villager (Male) |
| 5:43 | Create | Villager (Male) |
| 6:36 | Create | Villager (Male) |
| 6:36 | Create | Villager (Male) |
| 6:58 | Create | Villager (Male) |
| 7:10 | Build | House |
| 7:46 | Create | Villager (Male) |
| 7:51 | Create | Villager (Male) |
| 8:18 | Create | Villager (Male) |
| 9:06 | Build | Mill |
| 9:17 | Build | Lumber Camp |
| 9:21 | Create | Villager (Male) |
| 9:39 | Create | Villager (Male) |
| 10:07 | Create | Villager (Male) |
| 10:28 | Create | Villager (Male) |
| 10:41 | Create | Villager (Male) |
| 11:05 | Research | Feudal Age |
| 11:53 | Build | Palisade Wall |
| 11:58 | Build | Palisade Wall |
| 12:00 | Build | Palisade Wall |
| 12:10 | Build | Palisade Gate |
| 12:34 | Build | Barracks |
| 12:49 | Create | Villager (Male) |
| 13:36 | Age | Feudal Age |
| 13:43 | Build | House |
| 14:07 | Create | Villager (Male) |
| 14:08 | Create | Villager (Male) |
| 14:18 | Build | Stable |
| 14:53 | Create | Villager (Male) |
| 15:14 | Build | Market |
| 15:31 | Create | Villager (Male) |
| 15:55 | Research | Double-Bit Axe |
| 16:22 | Create | Villager (Male) |
| 16:51 | Build | Mining Camp |
| 16:56 | Research | Castle Age |
| 17:09 | Build | Mining Camp |
| 17:42 | Build | House |
| 17:44 | Build | House |
| 17:46 | Build | House |
| 18:05 | Research | Gold Mining |
| 18:26 | Create | Villager (Male) |
| 18:55 | Build | Palisade Gate |
| 18:59 | Build | Palisade Wall |
| 19:19 | Build | Blacksmith |
| 19:28 | Research | Bloodlines |
| 19:32 | Create | Villager (Male) |
| 19:36 | Age | Castle Age |
| 19:40 | Create | Steppe Lancer |
| 19:40 | Create | Steppe Lancer |
| 19:40 | Create | Steppe Lancer |
| 19:58 | Create | Steppe Lancer |
| 19:58 | Create | Steppe Lancer |
| 19:58 | Create | Steppe Lancer |
| 20:00 | Create | Villager (Male) |
| 20:20 | Create | Villager (Male) |
| 20:36 | Create | Villager (Male) |
| 20:54 | Build | Mill |
| 21:02 | Create | Steppe Lancer |
| 21:03 | Create | Steppe Lancer |
| 21:03 | Create | Steppe Lancer |
Build order — 帝国新手
71 actions detected in the replay
| 0:16 | Build | Town Center |
| 2:41 | Create | Villager (Male) |
| 2:41 | Create | Villager (Male) |
| 2:41 | Create | Villager (Male) |
| 2:41 | Create | Villager (Male) |
| 2:42 | Create | Villager (Male) |
| 3:36 | Build | House |
| 3:43 | Research | Loom |
| 3:44 | Create | Villager (Male) |
| 3:44 | Create | Villager (Male) |
| 3:44 | Create | Villager (Male) |
| 4:08 | Build | Lumber Camp |
| 4:24 | Create | Villager (Male) |
| 4:59 | Create | Villager (Male) |
| 5:30 | Build | House |
| 5:40 | Create | Villager (Male) |
| 5:42 | Create | Villager (Male) |
| 5:46 | Build | House |
| 6:37 | Build | Mill |
| 6:44 | Create | Villager (Male) |
| 6:44 | Create | Villager (Male) |
| 6:44 | Create | Villager (Male) |
| 6:45 | Create | Villager (Male) |
| 7:18 | Create | Villager (Male) |
| 7:42 | Create | Villager (Male) |
| 7:42 | Create | Villager (Male) |
| 8:18 | Create | Villager (Male) |
| 9:06 | Build | Mining Camp |
| 9:41 | Create | Villager (Male) |
| 9:42 | Create | Villager (Male) |
| 9:42 | Create | Villager (Male) |
| 9:42 | Create | Villager (Male) |
| 10:11 | Build | House |
| 10:52 | Create | Villager (Male) |
| 10:58 | Build | House |
| 11:23 | Build | Dock |
| 11:40 | Research | Feudal Age |
| 12:29 | Create | Fishing Ship |
| 12:38 | Build | Barracks |
| 12:48 | Create | Villager (Male) |
| 12:48 | Create | Villager (Male) |
| 13:10 | Create | Fishing Ship |
| 13:32 | Create | Fishing Ship |
| 13:56 | Age | Feudal Age |
| 14:03 | Research | Double-Bit Axe |
| 14:08 | Build | House |
| 15:00 | Build | Blacksmith |
| 15:03 | Create | Villager (Male) |
| 15:04 | Create | Villager (Male) |
| 15:04 | Create | Villager (Male) |
| 15:04 | Create | Villager (Male) |
| 16:04 | Build | Market |
| 16:24 | Create | Fishing Ship |
| 16:55 | Create | Villager (Male) |
| 16:56 | Create | Villager (Male) |
| 17:11 | Build | House |
| 17:33 | Build | Stable |
| 18:17 | Research | Castle Age |
| 18:17 | Research | Castle Age |
| 18:42 | Build | Archery Range |
| 19:00 | Build | Stone Wall |
| 19:14 | Build | Gate |
| 19:27 | Research | Stone Mining |
| 19:33 | Research | Tech 906 |
| 19:34 | Create | Fishing Ship |
| 19:35 | Create | Fishing Ship |
| 20:37 | Build | Fish Trap |
| 20:57 | Age | Castle Age |
| 21:04 | Build | Castle |
| 21:09 | Research | Gillnets |
| 21:24 | Build | Fish Trap |
Build order — voleadordecatafractra
109 actions detected in the replay
| 0:07 | Build | Town Center |
| 1:01 | Build | House |
| 1:07 | Build | House |
| 2:09 | Build | Lumber Camp |
| 2:16 | Build | Palisade Wall |
| 2:22 | Create | Villager (Male) |
| 2:23 | Create | Villager (Male) |
| 2:23 | Create | Villager (Male) |
| 2:23 | Create | Villager (Male) |
| 3:48 | Create | Villager (Male) |
| 3:49 | Create | Villager (Male) |
| 4:28 | Create | Villager (Male) |
| 4:46 | Create | Villager (Male) |
| 5:11 | Create | Villager (Male) |
| 5:12 | Create | Villager (Male) |
| 5:36 | Create | Villager (Male) |
| 5:36 | Create | Villager (Male) |
| 6:07 | Create | Villager (Male) |
| 6:07 | Create | Villager (Male) |
| 6:32 | Build | House |
| 6:36 | Create | Villager (Male) |
| 6:37 | Create | Villager (Male) |
| 6:42 | Build | House |
| 7:23 | Create | Villager (Male) |
| 7:23 | Create | Villager (Male) |
| 7:37 | Build | Mill |
| 7:44 | Create | Villager (Male) |
| 7:45 | Create | Villager (Male) |
| 7:59 | Create | Villager (Male) |
| 8:34 | Research | Loom |
| 8:37 | Build | House |
| 9:37 | Research | Feudal Age |
| 10:45 | Build | Barracks |
| 10:50 | Build | House |
| 11:30 | Build | Mining Camp |
| 11:43 | Create | Villager (Male) |
| 11:43 | Create | Villager (Male) |
| 11:43 | Create | Villager (Male) |
| 11:47 | Age | Feudal Age |
| 11:51 | Build | Archery Range |
| 12:24 | Build | House |
| 12:42 | Create | Archer |
| 12:48 | Create | Villager (Male) |
| 13:09 | Create | Archer |
| 13:12 | Build | Archery Range |
| 13:37 | Create | Spearman |
| 13:39 | Create | Archer |
| 13:41 | Create | Villager (Male) |
| 13:42 | Create | Villager (Male) |
| 13:42 | Create | Villager (Male) |
| 14:12 | Create | Villager (Male) |
| 14:13 | Create | Villager (Male) |
| 14:13 | Create | Villager (Male) |
| 14:15 | Create | Archer |
| 14:15 | Create | Archer |
| 14:29 | Build | House |
| 14:38 | Research | Town Watch |
| 14:46 | Build | Blacksmith |
| 14:53 | Create | Villager (Male) |
| 14:53 | Create | Villager (Male) |
| 14:55 | Create | Archer |
| 14:55 | Create | Archer |
| 15:31 | Create | Archer |
| 15:31 | Create | Archer |
| 15:31 | Create | Archer |
| 15:35 | Build | House |
| 16:14 | Build | Lumber Camp |
| 16:18 | Create | Villager (Male) |
| 16:18 | Create | Villager (Male) |
| 16:19 | Create | Villager (Male) |
| 16:32 | Create | Villager (Male) |
| 16:33 | Create | Villager (Male) |
| 16:37 | Create | Archer |
| 16:37 | Create | Archer |
| 16:37 | Create | Archer |
| 16:48 | Build | House |
| 16:54 | Research | Fletching |
| 17:43 | Create | Villager (Male) |
| 17:43 | Create | Villager (Male) |
| 17:45 | Create | Archer |
| 17:45 | Create | Archer |
| 17:45 | Create | Archer |
| 17:46 | Create | Archer |
| 17:50 | Build | Farm |
| 17:53 | Build | Farm |
| 17:54 | Create | Villager (Male) |
| 17:55 | Create | Villager (Male) |
| 18:27 | Build | House |
| 18:28 | Build | House |
| 19:11 | Build | Farm |
| 19:11 | Build | Farm |
| 19:11 | Build | Farm |
| 19:12 | Build | Farm |
| 19:12 | Build | Farm |
| 19:13 | Create | Villager (Male) |
| 19:14 | Create | Villager (Male) |
| 19:14 | Create | Villager (Male) |
| 19:14 | Create | Villager (Male) |
| 19:18 | Build | Market |
| 19:38 | Research | Double-Bit Axe |
| 19:38 | Research | Double-Bit Axe |
| 20:15 | Create | Archer |
| 20:15 | Create | Archer |
| 20:15 | Create | Archer |
| 20:16 | Create | Archer |
| 20:16 | Create | Villager (Male) |
| 20:16 | Create | Villager (Male) |
| 20:24 | Build | House |
| 20:25 | Build | House |
Build order — Ux'LeBotut
84 actions detected in the replay
| 0:27 | Build | Town Center |
| 0:35 | Build | House |
| 3:07 | Create | Villager (Male) |
| 3:21 | Create | Villager (Male) |
| 3:38 | Create | Villager (Male) |
| 3:39 | Create | Villager (Male) |
| 4:09 | Create | Villager (Male) |
| 4:28 | Create | Villager (Male) |
| 4:32 | Build | House |
| 4:53 | Create | Villager (Male) |
| 5:07 | Create | Villager (Male) |
| 5:19 | Build | Lumber Camp |
| 5:33 | Create | Villager (Male) |
| 6:48 | Create | Villager (Male) |
| 7:06 | Create | Villager (Male) |
| 7:24 | Create | Villager (Male) |
| 7:29 | Build | House |
| 7:50 | Create | Villager (Male) |
| 7:51 | Create | Villager (Male) |
| 8:13 | Create | Villager (Male) |
| 8:28 | Create | Villager (Male) |
| 8:36 | Create | Villager (Male) |
| 8:48 | Build | Mill |
| 8:53 | Build | House |
| 9:05 | Create | Villager (Male) |
| 9:11 | Build | House |
| 9:51 | Build | House |
| 9:57 | Build | House |
| 10:33 | Create | Villager (Male) |
| 10:56 | Create | Villager (Male) |
| 11:22 | Create | Villager (Male) |
| 11:49 | Build | Mining Camp |
| 11:53 | Research | Feudal Age |
| 12:21 | Build | House |
| 12:53 | Research | Loom |
| 13:11 | Build | Outpost |
| 13:25 | Create | Villager (Male) |
| 13:41 | Build | Palisade Wall |
| 13:42 | Build | Palisade Wall |
| 13:46 | Build | Palisade Wall |
| 13:52 | Create | Villager (Male) |
| 14:03 | Age | Feudal Age |
| 14:10 | Build | Market |
| 14:12 | Build | Blacksmith |
| 14:36 | Build | Palisade Gate |
| 14:59 | Research | Castle Age |
| 15:18 | Build | Palisade Wall |
| 15:19 | Build | Palisade Wall |
| 15:20 | Build | Palisade Wall |
| 15:21 | Build | Palisade Wall |
| 15:22 | Build | Palisade Wall |
| 15:41 | Create | Villager (Male) |
| 16:16 | Create | Villager (Male) |
| 16:36 | Build | Farm |
| 16:39 | Build | Farm |
| 17:38 | Research | Double-Bit Axe |
| 17:43 | Build | Farm |
| 17:49 | Build | Farm |
| 17:51 | Create | Villager (Male) |
| 17:58 | Age | Castle Age |
| 18:22 | Build | Castle |
| 18:22 | Create | Villager (Male) |
| 18:25 | Build | Farm |
| 18:36 | Build | Farm |
| 18:37 | Build | Farm |
| 18:39 | Create | Villager (Male) |
| 18:45 | Research | Horse Collar |
| 19:13 | Create | Villager (Male) |
| 19:17 | Create | Conquistador |
| 19:17 | Create | Conquistador |
| 19:19 | Create | Villager (Male) |
| 19:25 | Build | Farm |
| 19:27 | Build | Farm |
| 19:32 | Create | Conquistador |
| 19:36 | Create | Villager (Male) |
| 20:00 | Create | Villager (Male) |
| 20:08 | Create | Conquistador |
| 20:13 | Create | Villager (Male) |
| 20:16 | Build | Farm |
| 20:40 | Create | Villager (Male) |
| 20:55 | Create | Villager (Male) |
| 21:06 | Build | Farm |
| 21:12 | Create | Villager (Male) |
| 21:32 | Create | Villager (Male) |
Build order — Jampud
72 actions detected in the replay
| 0:15 | Build | Town Center |
| 2:23 | Build | House |
| 2:24 | Build | House |
| 2:41 | Create | Villager (Male) |
| 2:41 | Create | Villager (Male) |
| 2:41 | Create | Villager (Male) |
| 2:42 | Create | Villager (Male) |
| 3:09 | Build | House |
| 3:57 | Create | Villager (Male) |
| 4:23 | Create | Villager (Male) |
| 4:47 | Create | Villager (Male) |
| 5:06 | Create | Villager (Male) |
| 5:39 | Create | Villager (Male) |
| 5:57 | Create | Villager (Male) |
| 6:22 | Build | Mill |
| 6:41 | Create | Villager (Male) |
| 6:47 | Create | Villager (Male) |
| 6:47 | Create | Villager (Male) |
| 6:58 | Build | House |
| 7:14 | Create | Villager (Male) |
| 7:30 | Build | House |
| 7:38 | Create | Villager (Male) |
| 7:58 | Research | Loom |
| 7:59 | Create | Villager (Male) |
| 8:00 | Create | Villager (Male) |
| 8:22 | Create | Villager (Male) |
| 8:54 | Create | Villager (Male) |
| 9:14 | Create | Villager (Male) |
| 9:28 | Build | Lumber Camp |
| 10:16 | Create | Villager (Male) |
| 10:31 | Research | Feudal Age |
| 10:40 | Build | Mining Camp |
| 11:22 | Build | House |
| 11:24 | Build | Barracks |
| 12:13 | Create | Villager (Male) |
| 12:13 | Create | Villager (Male) |
| 12:46 | Age | Feudal Age |
| 13:12 | Build | Blacksmith |
| 13:18 | Create | Villager (Male) |
| 13:56 | Create | Villager (Male) |
| 14:06 | Create | Villager (Male) |
| 14:29 | Build | Stable |
| 15:24 | Research | Castle Age |
| 15:24 | Research | Castle Age |
| 15:59 | Build | Mill |
| 16:26 | Build | Mill |
| 16:33 | Build | House |
| 16:35 | Build | House |
| 16:36 | Build | House |
| 16:37 | Build | House |
| 16:48 | Research | Bloodlines |
| 16:50 | Research | Scale Barding Armor |
| 16:52 | Research | Forging |
| 17:34 | Research | Double-Bit Axe |
| 17:48 | Create | Villager (Male) |
| 17:48 | Create | Villager (Male) |
| 18:04 | Age | Castle Age |
| 18:38 | Research | Husbandry |
| 18:48 | Create | Steppe Lancer |
| 18:49 | Create | Steppe Lancer |
| 18:53 | Create | Villager (Male) |
| 18:59 | Build | Farm |
| 18:59 | Create | Villager (Male) |
| 19:31 | Research | Wheelbarrow |
| 19:33 | Build | Farm |
| 19:54 | Build | Town Center |
| 20:17 | Create | Villager (Male) |
| 20:24 | Create | Steppe Lancer |
| 20:47 | Create | Steppe Lancer |
| 20:48 | Create | Villager (Male) |
| 21:03 | Create | Steppe Lancer |
| 21:14 | Create | Villager (Male) |
Build order — Charls
115 actions detected in the replay
| 0:43 | Build | Town Center |
| 2:41 | Build | House |
| 3:02 | Create | Villager (Male) |
| 3:02 | Create | Villager (Male) |
| 3:02 | Create | Villager (Male) |
| 3:03 | Create | Villager (Male) |
| 3:03 | Create | Villager (Male) |
| 3:03 | Create | Villager (Male) |
| 3:03 | Create | Villager (Male) |
| 4:05 | Create | Villager (Male) |
| 4:05 | Create | Villager (Male) |
| 4:06 | Create | Villager (Male) |
| 4:26 | Build | House |
| 4:42 | Create | Villager (Male) |
| 4:42 | Create | Villager (Male) |
| 4:42 | Create | Villager (Male) |
| 4:43 | Create | Villager (Male) |
| 5:19 | Create | Villager (Male) |
| 5:19 | Create | Villager (Male) |
| 6:09 | Create | Villager (Male) |
| 6:10 | Create | Villager (Male) |
| 6:24 | Create | Villager (Male) |
| 6:25 | Create | Villager (Male) |
| 6:52 | Create | Villager (Male) |
| 6:53 | Create | Villager (Male) |
| 7:33 | Create | Villager (Male) |
| 7:33 | Create | Villager (Male) |
| 7:33 | Create | Villager (Male) |
| 7:34 | Create | Villager (Male) |
| 7:34 | Create | Villager (Male) |
| 7:34 | Create | Villager (Male) |
| 8:26 | Create | Villager (Male) |
| 8:26 | Create | Villager (Male) |
| 8:26 | Create | Villager (Male) |
| 8:32 | Build | House |
| 8:32 | Build | House |
| 8:41 | Research | Loom |
| 8:42 | Create | Villager (Male) |
| 8:42 | Create | Villager (Male) |
| 8:43 | Create | Villager (Male) |
| 8:59 | Create | Villager (Male) |
| 8:59 | Create | Villager (Male) |
| 8:59 | Create | Villager (Male) |
| 9:00 | Create | Villager (Male) |
| 9:00 | Create | Villager (Male) |
| 9:19 | Create | Villager (Male) |
| 9:19 | Create | Villager (Male) |
| 9:19 | Create | Villager (Male) |
| 9:44 | Build | Mill |
| 9:52 | Create | Villager (Male) |
| 9:53 | Create | Villager (Male) |
| 9:53 | Create | Villager (Male) |
| 10:05 | Create | Villager (Male) |
| 10:05 | Create | Villager (Male) |
| 10:06 | Create | Villager (Male) |
| 10:14 | Build | House |
| 10:15 | Build | House |
| 10:42 | Build | Palisade Wall |
| 11:24 | Build | Mining Camp |
| 12:01 | Create | Villager (Male) |
| 12:38 | Research | Feudal Age |
| 12:40 | Create | Villager (Male) |
| 12:40 | Create | Villager (Male) |
| 12:47 | Build | Barracks |
| 14:37 | Build | Mill |
| 14:43 | Build | House |
| 14:44 | Build | House |
| 14:48 | Age | Feudal Age |
| 14:57 | Build | Stable |
| 15:37 | Create | Villager (Male) |
| 15:37 | Create | Villager (Male) |
| 15:38 | Create | Villager (Male) |
| 16:00 | Build | Lumber Camp |
| 16:08 | Create | Scout Cavalry |
| 16:09 | Create | Scout Cavalry |
| 16:09 | Create | Scout Cavalry |
| 16:09 | Create | Scout Cavalry |
| 16:09 | Create | Scout Cavalry |
| 16:10 | Create | Scout Cavalry |
| 16:21 | Research | Horse Collar |
| 17:00 | Research | Bloodlines |
| 17:03 | Create | Villager (Male) |
| 17:04 | Create | Villager (Male) |
| 17:04 | Create | Villager (Male) |
| 17:26 | Create | Villager (Male) |
| 17:26 | Create | Villager (Male) |
| 17:27 | Create | Villager (Male) |
| 17:38 | Create | Villager (Male) |
| 17:38 | Create | Villager (Male) |
| 18:26 | Create | Villager (Male) |
| 18:26 | Create | Villager (Male) |
| 18:27 | Create | Villager (Male) |
| 18:27 | Create | Villager (Male) |
| 18:55 | Build | House |
| 18:57 | Build | House |
| 18:59 | Build | House |
| 19:20 | Create | Scout Cavalry ×2 |
| 19:21 | Create | Scout Cavalry ×2 |
| 19:21 | Create | Scout Cavalry ×2 |
| 20:04 | Build | House |
| 20:06 | Build | House |
| 20:07 | Build | House |
| 20:16 | Build | Farm |
| 20:16 | Build | Farm |
| 20:16 | Build | Farm |
| 20:17 | Build | Farm |
| 20:17 | Build | Farm |
| 20:17 | Build | Farm |
| 20:17 | Build | Farm |
| 20:18 | Build | Farm |
| 20:18 | Build | Farm |
| 20:44 | Build | Market |
| 20:48 | Build | Blacksmith |
| 21:01 | Create | Villager (Male) |
| 21:01 | Create | Villager (Male) |
Match timeline
| 2:16 | voleadordecatafractra · wall_segment Palisade Wall x1 |
| 2:45 | quiter no dicker · wall_segment Palisade Wall x1 |
| 2:46 | quiter no dicker · wall_segment Palisade Wall x1 |
| 2:47 | quiter no dicker · wall_segment Palisade Wall x1 |
| 2:48 | quiter no dicker · wall_segment Palisade Wall x1 |
| 10:42 | Charls · wall_segment Palisade Wall x1 |
| 10:45 | voleadordecatafractra · first_building Barracks |
| 11:23 | 帝国新手 · first_building Dock |
| 11:24 | Jampud · first_building Barracks |
| 11:47 | voleadordecatafractra · age_up feudal |
| 11:51 | voleadordecatafractra · first_building Archery Range |
| 11:53 | TuSaiyajin · wall_segment Palisade Wall x5 |
| 11:58 | TuSaiyajin · wall_segment Palisade Wall x5 |
| 12:00 | TuSaiyajin · wall_segment Palisade Wall x1 |
| 12:10 | quiter no dicker · wall_segment Palisade Wall x16 |
| 12:23 | quiter no dicker · first_building Barracks |
| 12:30 | Shino · first_building Barracks |
| 12:34 | TuSaiyajin · first_building Barracks |
| 12:38 | 帝国新手 · first_building Barracks |
| 12:46 | Jampud · age_up feudal |
| 12:47 | Charls · first_building Barracks |
| 12:48 | Shino · age_up feudal |
| 13:14 | Shino · first_building Stable |
| 13:36 | TuSaiyajin · age_up feudal |
| 13:41 | Ux'LeBotut · wall_segment Palisade Wall x1 |
| 13:42 | Ux'LeBotut · wall_segment Palisade Wall x1 |
| 13:46 | Ux'LeBotut · wall_segment Palisade Wall x1 |
| 13:56 | 帝国新手 · age_up feudal |
| 14:02 | quiter no dicker · age_up feudal |
| 14:03 | Ux'LeBotut · age_up feudal |
| 14:05 | quiter no dicker · first_building Stable |
| 14:18 | TuSaiyajin · first_building Stable |
| 14:29 | Jampud · first_building Stable |
| 14:39 | Shino · first_building Archery Range |
| 14:48 | Charls · age_up feudal |
| 14:57 | Charls · first_building Stable |
| 15:18 | Ux'LeBotut · wall_segment Palisade Wall x1 |
| 15:19 | Ux'LeBotut · wall_segment Palisade Wall x1 |
| 15:20 | Ux'LeBotut · wall_segment Palisade Wall x1 |
| 15:21 | Ux'LeBotut · wall_segment Palisade Wall x1 |
| 15:22 | Ux'LeBotut · wall_segment Palisade Wall x1 |
| 17:02 | quiter no dicker · first_building Archery Range |
| 17:33 | 帝国新手 · first_building Stable |
| 17:42 | 帝国新手 · first_market_sell 100 stone |
| 17:44 | 帝国新手 · first_market_buy 100 food |
| 17:58 | Ux'LeBotut · age_up castle |
| 18:04 | Jampud · age_up castle |
| 18:22 | Ux'LeBotut · first_building Castle |
| 18:42 | 帝国新手 · first_building Archery Range |
| 18:43 | Ux'LeBotut · first_market_buy 100 food |
| 18:44 | quiter no dicker · age_up castle |
| 18:59 | TuSaiyajin · wall_segment Palisade Wall x2 |
| 19:00 | 帝国新手 · wall_segment Stone Wall x23 |
| 19:36 | TuSaiyajin · age_up castle |
| 20:57 | 帝国新手 · age_up castle |
| 21:04 | 帝国新手 · first_building Castle |
| 21:10 | quiter no dicker · resign |
[ AI ANALYSIS · 1 CREDIT ]
What really happened in this match?
Wolo.gg analyzes every decision: build order, eco, micro, common mistakes by bracket. Personalized analysis on WhatsApp or Discord in 30 seconds.
Civ guide
Huns
Map guide
African Clearing
Perfil
Jugador #294591